 Dungeon Crawl Stone Soup version 0.31.0-32-g396128a36d (webtiles) character file.

Game seed: 337350842505763340

37 Curundu the Chopper (level 3, -1/49 HPs)
             Began as a Minotaur Berserker on Apr 13, 2024.
             Was a Believer of Trog.
             Slain by Natasha (2 damage)
             ... on level 2 of the Dungeon.
             The game lasted 00:02:14 (643 turns).

Curundu the Chopper (Minotaur Berserker)             Turns: 643, Time: 00:02:16

Health: -1/49      AC:  9    Str: 23    XL:     3   Next: 23%
Magic:  2/2        EV:  9    Int:  4    God:    Trog [**....]
Gold:   50         SH:  0    Dex:  9    Spells: 2/2 levels left

rFire   . . .        a - +0 hand axe
rCold   . . .        (no shield)
rNeg    . . .        c - +0 chain mail
rPois   .            (helmet restricted)
rElec   .            (no cloak)
rCorr   .            (no gloves)
SInv    .            (no boots)
Will    ++...        (no amulet) Stlth
                     (no ring)
HPRegen 1.28/turn    (no ring)
MPRegen 0.08/turn

%: no passive effects
@: berserking, strong-willed (expiring), regenerating (expiring), very quick
A: horns 2, retaliatory headbutt
a: Renounce Religion, Berserk, Trog's Hand


You were on level 2 of the Dungeon.
You worshipped Trog.
Trog was pleased with you.
You visited 1 branch of the dungeon, and saw 2 of its levels.

You collected 50 gold pieces.

Inventory:

Hand Weapons
 a - a +0 hand axe (weapon)
Armour
 c - a +0 chain mail (worn)
Scrolls
 b - a scroll of immolation {unknown}
 d - a scroll of enchant weapon {unknown}
Potions
 e - a potion of brilliance {unknown}
 f - a potion of might {unknown}
 g - a potion of degeneration {unknown}
 h - a potion of attraction {unknown}


   Skills:
 + Level 4.2 Fighting
 + Level 4.4 Axes
 + Level 2.8 Armour
 + Level 2.3 Dodging


You had 2 spell levels left.
You didn't know any spells.
Your spell library was empty.

Dungeon Overview and Level Annotations

Branches:
Dungeon (2/15)

Altars:

Annotations:
D:2 Natasha


Innate Abilities, Weirdness & Mutations

You have a pair of horns on your head.
You reflexively headbutt those who attack you in melee.


Message History

Natasha claws you. The cerulean imp barely misses you.
You miss Natasha.
The cerulean imp hits you but does no damage.
The cerulean imp hits you from afar with a +1 spear.
The cerulean imp hits you but does no damage.
Natasha barely misses you.
You barely miss Natasha. Your headbutt misses Natasha.
The cerulean imp disappears in a puff of smoke!
The cerulean imp hits you but does no damage.
The cerulean imp hits you from afar with a +1 spear.
Natasha claws you but does no damage.
You hit Natasha.
Natasha is moderately wounded.
The cerulean imp disappears in a puff of smoke!
The cerulean imp hits you but does no damage.
Natasha claws you.
You hit Natasha but do no damage.
Natasha is moderately wounded.
You feel the effects of Trog's Hand fading.
The cerulean imp hits you from afar with a +1 spear.
Natasha casts a spell at you. The magic dart hits you.
You hit Natasha.
Natasha is heavily wounded.
The cerulean imp hits you but does no damage.
Natasha claws you!
* * * LOW HITPOINT WARNING * * *
A red film seems to cover your vision as you go berserk!
You feel yourself moving faster!
You feel mighty!
The cerulean imp hits you from afar with a +1 spear.
* * * LOW HITPOINT WARNING * * *
Natasha casts a spell.
You hit Natasha. Your headbutt misses Natasha.
Natasha is almost dead.
You closely miss the cerulean imp.
The cerulean imp hits you from afar with a +1 spear.
* * * LOW HITPOINT WARNING * * *
Natasha claws you.
You die...
Natasha curls up and begins to purr.

#.#
##.♣.~~♣~♣####.#
#.#
#..♣♣~~♣♣..##.#
#...~~~~.#.##.#
#..P.P~...)h...#
#.##.....##.####
#.....##.#
###P5..##h#
+.....h.#.#####
..###..@5......#
♣ ##.###.###.#
#. #.# #. # ..
.. #.. #.#


You could see Natasha and 2 cerulean imps.

Vanquished Creatures
  A gnoll (D:1)
  4 ball pythons
  2 giant cockroaches (D:1)
  2 goblins
  5 hobgoblins
  4 kobolds (D:1)
  A quokka (D:1)
  A bat (D:1)
  3 frilled lizards (D:1)
  4 rats (D:1)
27 creatures vanquished.

Notes
Turn   | Place    | Note
-------+----------+-------------------------------------------
     0 | D:1      | Curundu the Minotaur Berserker began the quest for the Orb.
     0 | D:1      | Reached XP level 1. HP: 19/19 MP: 0/0
    71 | D:1      | Reached XP level 2. HP: 5/27 MP: 1/1
   446 | D:1      | Reached XP level 3. HP: 33/33 MP: 2/2
   516 | D:1      | Reached ** piety under Trog
   621 | D:2      | Noticed Natasha
   642 | D:2      | HP: 2/49 [cerulean imp/+1 spear[Natasha] (6)]
   643 | D:2      | Slain by Natasha

Illustrated notes

Levels and vault maps discovered:
D:1:      giann_horns, layout_rooms, serial_glass, glass_columns_a,
          glass_columns_c
D:2:      layout_loops_corners, serial_bayou, serial_bayou_pond_a,
          serial_bayou_shore_a, serial_bayou_shore_b, serial_bayou_lake_a,
          uniq_natasha, uniq_sigmund

Skill      XL: |  1 |
---------------+----+-----
Fighting       | 4 |  4.2
Axes           | 4 |  4.4
Armour         | |  2.8
Dodging        | |  2.3

Action                     || total
---------------------------++-------
  Melee: Hand axe          ||    66
         Headbutt          ||     2
 Invoke: Berserk           ||     1
         Trog's Hand       ||     1
 Armour: Chain mail        ||    76
  Dodge: Dodged            ||    39
